 Dungeon Crawl Stone Soup version 0.30-a0-377-g5cb311bc9f (webtiles) character file.

Game seed: 6457695946674356761

1306 porpoise the Skirmisher (level 8, -4/78 HPs)
             Began as a Kobold Hunter on Nov 28, 2022.
             Slain by Maggie
             ... wielding a +2 long sword of electrocution
              (18 damage)
             ... on level 6 of the Dungeon.
             The game lasted 00:14:23 (6601 turns).

porpoise the Skirmisher (Kobold Hunter)             Turns: 6601, Time: 00:14:24

Health: -4/78      AC: 24    Str:  8    XL:     8   Next: 88%
Magic:  8/8        EV:  3    Int: 10    God:
Gold:   269        SH:  0    Dex: 21    Spells: 7/7 levels left

rFire   . . .      SeeInvis .    b - +2 dagger (venom)
rCold   . . .      Faith    .    (no shield)
rNeg    . . .      Spirit   .    (body armour currently unavailable)
rPois   +          Reflect  .    (helmet currently unavailable)
rElec   .          Harm     .    (cloak currently unavailable)
rCorr   .          Rampage  .    (gloves currently unavailable)
Will    .....      NoTele   +    (boots currently unavailable)
Stlth   +++.......               (no amulet)
HPRegen 0.33/turn                A - ring of poison resistance
MPRegen 0.11/turn                x - ring of flight

@: brilliant, tree-form, mesmerised
A: stationary, stasis, torment immunity, boosted hp, small, no large weapons,
nightstalker 3
a: no special abilities


You were on level 6 of the Dungeon.
You were a tree.
You visited 1 branch of the dungeon, and saw 6 of its levels.

You collected 269 gold pieces.

Inventory:

Hand Weapons
 a - a +1 shortbow
 b - a +2 dagger of venom (weapon)
 f - a +2 spear of freezing
 r - a +1 dagger of electrocution
Missiles
 m - 10 boomerangs
Armour
 e - a +2 robe of resistance
 h - a +1 hat (melded)
 k - a +0 pair of gloves (melded)
 p - a +0 ring mail (melded)
Magical Staves
 j - a staff of earth
Jewellery
 x - a ring of flight (right branch)
 A - a ring of poison resistance (left branch)
Wands
 o - a wand of flame (39)
 y - a wand of light (3)
Scrolls
 g - a scroll of immolation
 n - 2 scrolls of teleportation
 t - a scroll of magic mapping {unknown}
 u - a scroll of vulnerability {unknown}
 v - a scroll of enchant weapon
 w - a scroll of amnesia
 z - a scroll of noise {unknown}
 B - a scroll of butterflies {unknown}
Potions
 c - 2 potions of mutation
 d - a potion of flight
 l - a potion of attraction {unknown}
 q - a potion of berserk rage


   Skills:
 + Level 6.7 Fighting
 * Level 12.0 Ranged Weapons
 - Level 2.4 Dodging
 - Level 1.3 Stealth


You had 7 spell levels left.
You didn't know any spells.
Your spell library contained the following spells:

 Spells                   Type           Power      Damage    Failure   Level
 Kiss of Death            Conj/Necr      0%         2d5       36%         1
 Confusing Touch          Hex            0%         N/A       75%         3
 Ignite Poison            Fire/Tmut/Pois 0%         N/A       75%         3
 Stone Arrow              Conj/Erth      0%         3d7       75%         3
 Airstrike                Air            0%         2d(0-16)  98%         4
 Animate Armour           Summ/Erth      0%         N/A       98%         4
 Dispel Undead            Necr           0%         3d6       98%         4
 Sticky Flame             Conj/Fire      0%         2d3       98%         4
 Summon Lightning Spire   Summ/Air       0%         N/A       98%         4
 Lightning Bolt           Conj/Air       0%         1d11      100%        5
 Ignition                 Fire           0%         3d3       100%        8
 Lehudib's Crystal Spear  Conj/Erth      0%         10d2      100%        8


Dungeon Overview and Level Annotations

Branches:
Dungeon (6/15)
 Temple: D:4-7

Altars:
Elyvilon
Fedhas
Gozag

Annotations:
D:6 Maggie


Innate Abilities, Weirdness & Mutations

You are a tree.
Your roots penetrate the ground, keeping you stationary.
You cannot be teleported.
You are immune to unholy pain and torment.
Your maximum health is greatly increased.
Your equipment is partially melded.
You are small and have problems with some larger weapons.
You are completely attuned to the shadows.


Message History

You cannot move away from Maggie!
Aiming: Bolt of Light
Press: ? - help, Shift-Dir - straight line, f/p - Maggie
Aim: Maggie, wielding a +2 long sword of electrocution, wearing +0 acid dragon scales and carrying a wand of charming (9) (moderately wounded, mesmerising, 71% to hit)
The bolt of light misses Maggie.
The bolt of light hits the komodo dragon.
The komodo dragon is moderately wounded.
The komodo dragon is blinded.
Maggie hits you with a +2 long sword of electrocution.
You are electrocuted!
The orc hits you but does no damage. The orc warrior closely misses you.
Aiming: Bolt of Light
Press: ? - help, Shift-Dir - straight line, f - orc warrior, p - Maggie
Aim: an orc warrior, wielding a +0 hand axe and wearing a +0 plate armour (71% to hit)
The bolt of light hits the orc warrior!
The orc warrior is heavily wounded.
The orc warrior is blinded.
Maggie casts a spell.
Maggie draws you further into her thrall.
The orc barely misses you. The orc warrior barely misses you.
Okay, then.
Your +2 dagger of venom begins to drip with poison!
b - a +2 dagger of venom (weapon)
Maggie hits you with a +2 long sword of electrocution!
The orc hits you with a +0 club. The orc warrior barely misses you.
You are too mesmerised to rage.
It was a potion of lignification.
You turn into a tree.
Your +1 hat melds into your body.
Your +0 pair of gloves melds into your body.
Your +0 ring mail melds into your body.
Your roots penetrate the ground.
Maggie casts a spell at you. The bolt of fire hits you!!
* * * LOW HITPOINT WARNING * * *
The orc hits you but does no damage. The orc warrior barely misses you.
It was a potion of brilliance.
You feel clever all of a sudden.
Maggie hits you with a +2 long sword of electrocution.
* * * LOW HITPOINT WARNING * * *
You are electrocuted!!
You die...

#..... #...).
#sl... ###@o.).
#..♣o... ###..(...
..##........
...##....... ..
#..#....... ...
..#........# #.#
..###......# #.##..
#.#.......
........##.........


You could see Maggie (mesmerising), a komodo dragon (wandering, blind), an orc
warrior (blind), a scorpion and an orc.

Vanquished Creatures
  Menkaure (D:4)
  A black bear (D:4)
  An ogre (D:5)
  A centaur (D:6)
  3 phantoms
  A bullfrog (D:6)
  2 necrophages
  A howler monkey (D:5)
  A hound (D:6)
  2 orc priests
  An iguana (D:4)
  Natasha (thrice) (D:3)
  An orc wizard (D:4)
  4 gnolls (D:3)
  8 adders
  3 ufetubi
  4 worms
  22 orcs
  6 bats
  7 endoplasms
  6 giant cockroaches
  14 goblins
  8 hobgoblins
  3 jackals (D:2)
  9 quokkas
  13 ball pythons
  7 frilled lizards
  4 kobolds
  5 rats
142 creatures vanquished.

Vanquished Creatures (others)
  A plant (D:1)
1 creature vanquished.

Grand Total: 143 creatures vanquished

Notes
Turn   | Place    | Note
-------+----------+-------------------------------------------
     0 | D:1      | porpoise the Kobold Hunter began the quest for the Orb.
     0 | D:1      | Reached XP level 1. HP: 12/12 MP: 1/1
   107 | D:1      | Reached XP level 2. HP: 18/18 MP: 2/2
   525 | D:1      | Reached skill level 6 in Ranged Weapons
   747 | D:1      | Reached XP level 3. HP: 22/22 MP: 3/3
  1773 | D:2      | Reached XP level 4. HP: 28/28 MP: 4/4
  2629 | D:3      | Found an opulent altar of Gozag.
  2715 | D:3      | Reached skill level 7 in Ranged Weapons
  2727 | D:3      | Reached XP level 5. HP: 16/32 MP: 5/5
  3141 | D:3      | Noticed Natasha
  3143 | D:3      | Killed Natasha
  3145 | D:3      | Noticed Natasha
  3152 | D:3      | Killed Natasha
  3366 | D:3      | Reached XP level 6. HP: 31/38 MP: 6/6
  3370 | D:3      | Reached skill level 8 in Ranged Weapons
  3702 | D:3      | Noticed Natasha
  3712 | D:3      | Killed Natasha
  4062 | D:4      | Found a blossoming altar of Fedhas.
  4162 | D:4      | Noticed a black bear
  4175 | D:4      | Killed a black bear
  4176 | D:4      | Reached skill level 9 in Ranged Weapons
  4176 | D:4      | Reached XP level 7. HP: 8/44 MP: 7/7
  4389 | D:4      | Noticed Menkaure
  4395 | D:4      | Killed Menkaure
  4396 | D:4      | Reached skill level 5 in Fighting
  4545 | D:4      | Found a glowing drain.
  4703 | D:4      | Reached skill level 10 in Ranged Weapons
  5175 | D:5      | Entered Level 5 of the Dungeon
  5333 | D:5      | Found a white marble altar of Elyvilon.
  5339 | D:5      | Reached XP level 8. HP: 26/50 MP: 8/8
  5906 | D:5      | Reached skill level 11 in Ranged Weapons
  6331 | D:6      | Reached skill level 12 in Ranged Weapons
  6590 | D:6      | Noticed Maggie
  6592 | D:6      | Noticed a komodo dragon
  6601 | D:6      | Slain by Maggie

Illustrated notes

Levels and vault maps discovered:
D:1:      spicycebolla_arrival_xxxplode, layout_loops_cross, serial_forest,
          infiniplex_forest_end_3, infiniplex_forest_end_3,
          infiniplex_forest_clump_long, infiniplex_forest_end_double,
          infiniplex_forest_end_1, infiniplex_forest_lined_2,
          infiniplex_forest_clump_curved, infiniplex_forest_end_2,
          infiniplex_forest_lined_3
D:2:      layout_basic, serial_park_tiny_2, kennysheep_generic_room_16
D:3:      layout_basic, mainiacjoe_overflow_24_doors, hex_tiny,
          kennysheep_donut, chequers_garden, saegor_snake_ambush, uniq_natasha
D:4:      minmay_chambers_of_fours, layout_basic, lemuel_tele_altar,
          cheibrodos_sewer_entry_bend, uniq_menkaure
D:5:      layout_loops_ring, mainiacjoe_overflow_cross_hatched,
          grunt_ministairs_14
D:6:      layout_cave_pools, kennysheep_flooded_box, uniq_maggie

Skill      XL: |  1  2  3  4  5  6  7  8 |
---------------+-------------------------+-----
Ranged Weapons | 6 7 9 10 12 | 12.0
Fighting       | 3 4 5 6 |  6.7
Dodging        | |  2.4
Stealth        | |  1.3

Action                   |  1- 3 |  4- 6 |  7- 9 || total
-------------------------+-------+-------+-------++-------
Melee: Dagger            |       |     6 |     9 ||    15
 Fire: Shortbow          |    88 |   181 |   162 ||   431
Evoke: Wand              |       |       |     2 ||     2
  Use: Scroll            |       |     5 |     3 ||     8
       Potion            |       |     1 |     4 ||     5
Armor: Leather armour    |     2 |     7 |       ||     9
       Ring mail         |       |    26 |    32 ||    58
       Skin              |       |       |     1 ||     1
Dodge: Dodged            |    18 |   109 |    93 ||   220

Table legend: (Time is in decaauts)
 A = Elapsed time spent in this place.
 B = Non-inter-level travel time spent in this place.
 C = Inter-level travel time spent in this place.
 D = Time resting spent in this place.
 E = Time spent auto-exploring this place.
 F = Levels seen in this place.
 G = Mean time per level.
                   A        B        C        D        E       F      G
               +--------+--------+--------+--------+--------+-----+--------+
         Total |   6742 |   6624 |    118 |   1402 |   4284 |   6 | 1123.7 |
       Dungeon |   6742 |   6624 |    118 |   1402 |   4284 |   6 | 1123.7 |
               +--------+--------+--------+--------+--------+-----+--------+

Top non-repeatable levels by time:
     D:3: 1550 daAuts
     D:4: 1346 daAuts
     D:1: 1271 daAuts
     D:2: 1131 daAuts
     D:5: 1094 daAuts
     D:6: 348 daAuts
